Map: Jagannatha LE

Players

MysteryMan

  • Race: Zerg Zerg

Nice - Winner!

  • Race: Protoss Protoss

Event: DreamHack SC2 Masters 2021 Fall

VOD

Have the link to the VOD?

Description

Time

  • Played on: July 28, 2021, 7:11 a.m.
  • Length: 6:12

All games in this series

Show
View Real Time Build Order
Export as new Build Order

MysteryMan Zerg 

Build Orders: Hatch First 

Get SALT Encoding   

  12  0:00  Drone  
  13  0:12  Overlord  
  13  0:18  Drone  
  14  0:30  Drone  
  14  0:31  Drone  
  16  0:51  Hatchery, Drone  
  16  0:55  Drone  
  17  0:58  Drone  
  18  1:09  Extractor  
  17  1:14  Spawning Pool  
  17  1:16  Drone  
  17  1:20  Drone  
  18  1:27  Drone  
  19  1:38  Drone  
  20  1:50  Drone  
  21  2:01  Zergling x2  
  21  2:02  Queen  
  21  2:03  Queen, Overlord  
  26  2:08  Metabolic Boost  
  26  2:12  Zergling x2  
  27  2:24  Drone x3  
  30  2:34  Drone  
  30  2:36  Drone  
  32  2:46  Hatchery  
  30  2:52  Zergling x2  
  31  2:58  Baneling Nest  
  31  2:59  Drone  
  31  3:01  Overlord  
  31  3:04  Zergling x2  
  30  3:21  Zergling x6  
  30  3:22  Zergling x2  
  30  3:27  Zergling x4  
  35  3:33  Zergling x4  
  34  3:45  Zergling x4  
  34  3:57  Zergling x10  
  39  4:05  Baneling x2  
  39  4:07  Baneling  
  39  4:08  Baneling x4  
  39  4:11  Zergling x4  
  38  4:24  Zergling x4  
  38  4:25  Zergling x4  
  35  4:42  Zergling x12  
  39  4:50  Drone  
  39  4:51  Drone  
  37  4:54  Drone  
  37  4:57  Drone  
  37  5:04  Drone x2  
  36  5:07  Drone  
  36  5:08  Drone  
  38  5:16  Spore Crawler  
  38  5:18  Drone  
  38  5:19  Drone  
  39  5:23  Spore Crawler  
  39  5:27  Overlord  
  38  5:29  Drone  
  38  5:31  Drone  
  38  5:33  Drone  
  41  5:38  Drone x2  
  41  5:41  Drone  
  40  5:44  Drone  
  40  5:47  Overlord  
Show
View Real Time Build Order
Export as new Build Order

Nice Protoss - Winner!

Build Orders: 1 Gate Expand, Oracle Opening 

Get SALT Encoding   

  12  0:00  Probe  
  13  0:13  Probe  
  14  0:20  Pylon  
  14  0:25  Probe  
  15  0:38  Probe (Chrono Boost)  
  15  0:41  Gateway  
  16  0:49  Probe (Chrono Boost)  
  17  0:50  Assimilator  
  17  0:54  Probe (Chrono Boost)  
  18  1:04  Probe  
  19  1:16  Probe  
  20  1:28  Cybernetics Core  
  20  1:37  Nexus  
  20  1:45  Pylon  
  20  1:50  Assimilator  
  20  1:51  Probe  
  21  2:01  Adept (Chrono Boost)  
  21  2:03  Probe  
  25  2:15  Probe  
  25  2:21  Adept (Chrono Boost)  
  25  2:24  Pylon  
  28  2:33  Stargate  
  26  2:41  Probe  
  27  2:44  Adept  
  29  2:51  Probe  
  29  2:53  Probe  
  31  3:02  Gateway  
  31  3:03  Probe  
  31  3:04  Warp Gate  
  31  3:05  Probe  
  33  3:15  Probe  
  33  3:16  Oracle (Chrono Boost)  
  37  3:21  Probe  
  38  3:28  Probe  
  38  3:29  Pylon  
  38  3:33  Probe  
  40  3:40  Probe  
  41  3:43  Oracle (Chrono Boost)  
  42  3:49  Probe  
  42  3:50  Adept (Chrono Boost)  
  42  3:54  Gateway  
  43  3:59  Probe  
  43  4:01  Probe  
  45  4:05  Pylon  
  45  4:11  Probe  
  45  4:15  Shield Battery  
  46  4:17  Pylon, Sentry (Chrono Boost)  
  50  4:26  Adept (Chrono Boost)  
  50  4:27  Pylon  
  50  4:29  Pylon  
  50  4:32  Void Ray (Chrono Boost)  
  50  4:35  Pylon  
  52  4:42  Probe  
  49  4:52  Probe  
  50  4:55  Probe  
  51  5:09  Pylon  
  51  5:14  Probe  
  51  5:15  Probe  
  51  5:17  Assimilator  
  51  5:18  Assimilator, Void Ray (Chrono Boost)  
  53  5:26  Probe  
  53  5:27  Pylon, Probe  
  59  5:38  Probe  
  59  5:39  Probe  
  61  5:46  Sentry, Zealot x2  
  67  5:51  Pylon, Probe x2  
  69  5:59  Forge  

Tags
 
Add a new tag
Caveats
  • Supply blocks, unpowered buildings, or Contaminate may cause inaccurate times.
  • Supply counts are checked every 10 seconds.